 Dungeon Crawl Stone Soup version 0.31.0-12-g77e489cdc1 (webtiles) character file.

Game seed: 8126147333962664847

46 osuadh the Caller (level 3, 0/24 HPs)
             Began as a Merfolk Summoner on Feb 24, 2024.
             Slain by a cerulean imp
             ... wielding a +2 spear
             ... summoned by Natasha
              (4 damage)
             ... on level 2 of the Dungeon.
             The game lasted 00:02:23 (913 turns).

osuadh the Caller (Merfolk Summoner)                 Turns: 913, Time: 00:02:25

Health: 0/24       AC:  5    Str:  8    XL:     3   Next: 66%
Magic:  4/6        EV: 12    Int: 16    God:
Gold:   34         SH:  0    Dex: 14    Spells: 5/6 levels left

rFire   . . .        d - +0 spear
rCold   . . .        (no shield)
rNeg    . . .        a - +0 robe
rPois   .            (no helmet)
rElec   .            c - +2 cloak
rCorr   .            (no gloves)
SInv    .            (no boots)
Will    .....        (no amulet)
Stlth   ++           (no ring)
HPRegen 0.24/turn    (no ring)
MPRegen 0.10/turn

%: no passive effects
@: brilliant, slowed, very slow
A: (nimble swimmer 2), mertail
a: no special abilities


You were on level 2 of the Dungeon.
You visited 1 branch of the dungeon, and saw 2 of its levels.

You collected 34 gold pieces.

Inventory:

Hand Weapons
 d - a +0 spear (weapon)
Missiles
 g - 5 poisoned darts
Armour
 a - a +0 robe (worn)
 c - a +2 cloak (worn)
Scrolls
 f - a scroll of enchant armour {unknown}
 h - a scroll of noise {unknown}
 i - a scroll of identify {unknown}
Potions
 b - a potion of magic


   Skills:
 + Level 4.0 Polearms
 - Level 2.6 Dodging
 - Level 2.1 Stealth
 - Level 2.1 Spellcasting
 - Level 4.0 Summonings


You had 5 spell levels left.
You knew the following spells:

 Your Spells              Type           Power      Damage    Failure   Level
a - Summon Small Mammal   Summ           88%        N/A       3%          1

Your spell library contained the following spells:

 Spells                   Type           Power      Damage    Failure   Level
 Call Imp                 Summ           44%        N/A       6%          2
 Call Canine Familiar     Summ           22%        N/A       12%         3
 Summon Blazeheart Golem  Fire/Summ      12%        N/A       65%         4
 Summon Lightning Spire   Summ/Air       12%        N/A       65%         4


Dungeon Overview and Level Annotations

Branches:
Dungeon (2/15)

Altars:

Annotations:
D:2 Natasha


Innate Abilities, Weirdness & Mutations

((You are very nimble when in or above water. (Stealth+, EV+, Speed+++)))
Your lower body shifts to a powerful aquatic tail in water.


Message History

Natasha hisses angrily.
Casting: Summon Small Mammal (safe; 3% risk of failure)
Confirm with . or Enter, or press ? or * to list all spells.
Natasha stares at you and mumbles some strange words.
The magic dart hits your rat.
Your rat dies!
Your rat's corpse disappears in a puff of smoke!
Natasha mumbles some strange words.
Natasha misses your quokka.
You could not reach far enough!
Your quokka misses Natasha. Something hits your quokka.
You could not reach far enough!
Natasha claws your quokka.
Your quokka dies!
Your quokka's corpse disappears in a puff of smoke!
You reach to attack!
You closely miss Natasha. Natasha casts a spell at you.
You feel yourself slow down.
You reach to attack!
You hit Natasha but do no damage. Natasha barely misses you.
The cerulean imp hits you from afar with a +2 spear.
Casting: Summon Small Mammal (safe; 3% risk of failure)
Confirm with . or Enter, or press ? or * to list all spells.
Natasha casts a spell at you. The magic dart hits you.
The cerulean imp hits you from afar with a +2 spear.
You hit Natasha but do no damage.
Natasha stares at you and mumbles some strange words.
The magic dart hits you!
The cerulean imp hits you but does no damage.
Your bat hits Natasha.
The cerulean imp hits you from afar with a +2 spear.
* * * LOW HITPOINT WARNING * * *
Natasha barely misses you.
It was a potion of brilliance.
You feel clever all of a sudden.
Your bat closely misses Natasha.
Your bat hits Natasha. Natasha casts a spell at you.
You feel as though you will be slow longer.
The cerulean imp hits you from afar with a +2 spear.
You die...

.. ###### ####.## #....
.[... ####.#.# #...
#......# #..# #
###......######..##.#
....................# #
#..<...######..#......
##.........>...@#......
#.......###$....h5.....
#...........#..b#.####.
#.......#####...#.#
###...... #......
#.....## ##..####
##.#..# #... #.#..#
#.### #.#..# .#.


You could see Natasha (ally target), a cerulean imp (summoned) and a friendly
bat (summoned).

Vanquished Creatures
  Natasha (D:2)
  3 ball pythons (D:1)
  A bat (D:1)
  A giant cockroach (D:1)
  3 goblins (D:1)
  2 jackals (D:1)
  A rat (D:1)
12 creatures vanquished.

Vanquished Creatures (collateral kills)
  2 ball pythons
  2 endoplasms (D:1)
  A giant cockroach (D:1)
  A rat (D:1)
6 creatures vanquished.

Grand Total: 18 creatures vanquished

Notes
Turn   | Place    | Note
-------+----------+-------------------------------------------
     0 | D:1      | osuadh the Merfolk Summoner began the quest for the Orb.
     0 | D:1      | Reached XP level 1. HP: 13/13 MP: 3/3
   117 | D:1      | Reached skill level 1 in Polearms
   165 | D:1      | Reached XP level 2. HP: 16/19 MP: 1/5
   858 | D:2      | Noticed Natasha
   865 | D:2      | Killed Natasha
   866 | D:2      | Reached XP level 3. HP: 18/24 MP: 2/6
   900 | D:2      | Noticed Natasha
   913 | D:2      | Slain by a cerulean imp

Illustrated notes

Levels and vault maps discovered:
D:1:      saegor_arrival_simple_a, layout_loops_cross, minmay_misc_feat_pillars
D:2:      layout_loops_ring, uniq_natasha

Skill      XL: |  1  2  3 |
---------------+----------+-----
Polearms       | 1 3 4 |  4.0
Dodging        | |  2.6
Stealth        | |  2.1
Spellcasting   | |  2.1
Summonings     | |  4.0

Action                     || total
---------------------------++-------
  Melee: Spear             ||    61
         Unarmed           ||     6
   Cast: Summon Small Mamm ||    20
    Use: Potion            ||     1
   Stab: Sleeping          ||     3
 Armour: Robe              ||    35
  Dodge: Dodged            ||    38
